 Dungeon Crawl Stone Soup version 0.26.1-11-gd32895ea62 (webtiles) character file.

Game seed: 12902575926666631007

23 Shirokaze the Skirmisher (level 2, -2/27 HPs)
             Began as a Palentonga Fighter on Apr 18, 2021.
             Slain by a leopard gecko (3 damage)
             ... on level 1 of the Dungeon.
             The game lasted 00:01:39 (235 turns).

Shirokaze the Skirmisher (Palentonga Fighter)        Turns: 235, Time: 00:01:40

Health: -2/27      AC:  6    Str: 19    XL:     2   Next: 75%
Magic:  2/2        EV:  5    Int:  8    God:
Gold:   64         SH:  8    Dex:  9    Spells: 1/1 levels left

rFire    . . .     SeeInvis +   a - +0 war axe
rCold    . . .     Faith    .   c - +0 kite shield
rNeg     . . .     Spirit   .   b - +0 scale mail
rPois    .         Reflect  .   (no helmet)
rElec    .         Harm     .   (no cloak)
rCorr    .         Rampage  .   (no gloves)
Will     .....                  (no barding)
Stlth    ..........             (no amulet)
HPRegen  0.09/turn              (no ring)
MPRegen  0.08/turn              (no ring)

@: no status effects
A: large, rugged brown scales 3, see invisible, deformed body, roll 1, armoured
tail
a: Rolling Charge


You were on level 1 of the Dungeon.
You visited 1 branch of the dungeon, and saw 1 of its levels.

You collected 64 gold pieces.

Inventory:

Hand Weapons
 a - a +0 war axe (weapon)
Armour
 b - a +0 scale mail (worn)
 c - a +0 kite shield (worn)
Scrolls
 e - 2 scrolls of identify {unknown}
 f - a scroll of blinking {unknown}
 g - a scroll of amnesia {unknown}
Potions
 d - a potion of might
 h - a potion of mutation {unknown}


   Skills:
 + Level 3.3 Fighting
 + Level 2.1 Axes
 + Level 2.8 Armour
 + Level 2.5 Shields


You had one spell level left.
You didn't know any spells.
Your spell library was empty.

Dungeon Overview and Level Annotations

Branches:
Dungeon (1/15)

Altars:


Innate Abilities, Weirdness & Mutations

You are completely covered in rugged brown scales. (AC +3, +7% HP)
You have supernaturally acute eyesight. (SInv)
Armour fits poorly on your strangely shaped body.
You can roll at nearby foes to attack.
You have a long armoured tail.


Message History

The gnoll hits you with a +0 flail! The hobgoblin hits you with a +0 club.
* * * LOW HITPOINT WARNING * * *
A frilled lizard comes into view.
You are too injured to fight recklessly!
The leopard gecko bites you.
* * * LOW HITPOINT WARNING * * *
You barely miss the hobgoblin. You tail-slap the hobgoblin.
You kill the hobgoblin!
You closely miss the leopard gecko. The leopard gecko bites you.
* * * LOW HITPOINT WARNING * * *
The leopard gecko bites you but does no damage.
The leopard gecko bites you but does no damage.
The leopard gecko bites you.
* * * LOW HITPOINT WARNING * * *
Found 12 gold pieces.
The leopard gecko bites you but does no damage.
You barely miss the leopard gecko.
Your tail-slap misses the leopard gecko.
The leopard gecko bites you.
You die...

#..
#...)......#.####..##.#.#
#.# #..##.....)....#..
.... #.#.# #.#
#.....)...###..#.##
#.###.#.# #.. #.........#
#..#..###..#....# ###
#.........#
#..#............#
#..##.....#
#.[#..####.#...## ###
#..####..## #..#g##
#.##.####... #..# #..#
#..#l# #.##........ #..#
##..# #..#@# #.######....
#... ...# #....# #)#
#.†.... #..# ##.####..#.#
#.# ##...... #..#
#....##..#.# #.###.......
#..# #..<.##..#.#
#.....##....
#..####........#..
########....
#..............#.. .....
#..........##..### #.#.#
#..####....##..# l.#.#


You could see a gnoll and a leopard gecko.

Vanquished Creatures
  A dart slug (D:1)
  A giant cockroach (D:1)
  4 goblins (D:1)
  5 hobgoblins (D:1)
  A ball python (D:1)
  2 bats (D:1)
  A frilled lizard (D:1)
  5 rats (D:1)
20 creatures vanquished.

Notes
Turn   | Place    | Note
-------+----------+-------------------------------------------
     0 | D:1      | Shirokaze the Palentonga Fighter began the quest for the
                  | Orb.
     0 | D:1      | Reached XP level 1. HP: 20/20 MP: 1/1
   105 | D:1      | Reached XP level 2. HP: 27/27 MP: 2/2
   231 | D:1      | HP: 1/27 [leopard gecko (3)]
   235 | D:1      | Slain by a leopard gecko

Illustrated notes

Levels and vault maps discovered:
D:1:      dpeg_arrival_boxes_within_box, layout_loops_ring,
          minmay_close_crescents

Action                   || total
-------------------------++-------
Melee: War axe           ||    35
       Tailslap          ||     9
 Abil: Rolling Charge    ||    14
 Stab: Sleeping          ||     1
Armor: Scale mail        ||    13
Dodge: Dodged            ||     4
Block: Kite shield       ||     7
